 Dungeon Crawl Stone Soup version 0.29-a0-418-gc0181ea820 (console) character file.

Game seed: 10067633633571222956

135 om the Insei (level 5, -2/38 HPs)
             Began as a Merfolk Transmuter on May 17, 2022.
             Slain by a gnoll
             ... wielding a +0 halberd
              (6 damage)
             ... on level 3 of the Dungeon.
             The game lasted 00:06:26 (3609 turns).

om the Insei (Merfolk Transmuter)                   Turns: 3609, Time: 00:06:27

Health: -2/38      AC:  3    Str: 13    XL:     5   Next: 18%
Magic:  6/8        EV: 13    Int: 12    God:
Gold:   136        SH:  0    Dex: 14    Spells: 6/9 levels left

rFire   . . .      SeeInvis .     - Unarmed
rCold   . . .      Faith    .   (no shield)
rNeg    . . .      Spirit   .   a - +1 robe
rPois   .          Reflect  .   (no helmet)
rElec   .          Harm     .   (no cloak)
rCorr   .          Rampage  .   (no gloves)
Will    +....                   (no boots)
Stlth   +.........              (no amulet)
HPRegen 0.12/turn               g - ring of willpower
MPRegen 0.11/turn               (no ring)

@: wereblooded (expiring)
A: (nimble swimmer 2), mertail
a: no special abilities


You were on level 3 of the Dungeon.
You visited 1 branch of the dungeon, and saw 3 of its levels.

You collected 136 gold pieces.

Inventory:

Armour
 a - a +1 robe (worn)
Jewellery
 g - a ring of willpower (left hand)
Scrolls
 d - a scroll of teleportation {unknown}
 h - a scroll of fog {unknown}
 j - 2 scrolls of immolation {unknown}
Potions
 b - a potion of ambrosia {unknown}
 c - 2 potions of flight {unknown}
 f - a potion of resistance
 i - 2 potions of brilliance {unknown}


   Skills:
 + Level 2.3 Fighting
 + Level 3.6 Dodging
 * Level 4.5 Unarmed Combat
 + Level 2.6 Spellcasting
 * Level 3.7 Transmutations


You had 6 spell levels left.
You knew the following spells:

 Your Spells              Type           Power      Damage    Failure   Level
a - Beastly Appendage     Tmut           20%        N/A       5%          1
b - Wereblood             Tmut           10%        N/A       9%          2

Your spell library contained the following spells:

 Spells                   Type           Power      Damage    Failure   Level
 Spider Form              Tmut/Pois      6%         N/A       34%         3
 Ice Form                 Ice/Tmut       6%         N/A       75%         4


Dungeon Overview and Level Annotations

Branches:
Dungeon (3/15)

Altars:
Qazlal


Innate Abilities, Weirdness & Mutations

((You are very nimble when in or above water. (Stealth+, EV+, Speed+++)))
Your lower body shifts to a powerful aquatic tail in water.


Message History

The gnoll barely misses you. The gnoll misses you.
You punch the gnoll! You headbutt the gnoll.
The gnoll is almost dead.
You howl as the wereblood boils in your veins!
The gnoll closely misses you. The gnoll barely misses you.
You hit the gnoll.
You feel a bit better.
You kill the gnoll!
The gnoll barely misses you.
You barely miss the gnoll. The gnoll hits you with a +0 club.
The gnoll completely misses you.
You barely miss the gnoll. The gnoll closely misses you. The gnoll misses you.
You closely miss the gnoll. Your headbutt misses the gnoll.
The gnoll hits you with a +0 club. The gnoll misses you.
You hit the gnoll but do no damage. You punch the gnoll!
The gnoll is severely wounded.
The gnoll completely misses you.
The gnoll hits you from afar with a +0 halberd.
You hit the gnoll.
You headbutt the gnoll, but do no damage.
The gnoll is almost dead.
The gnoll hits you from afar with a +0 halberd!
* * * LOW HITPOINT WARNING * * *
The gnoll hits you with a +0 club.
* * * LOW HITPOINT WARNING * * *
The gnoll attacks as you move away! The gnoll hits you but does no damage.
Your primal bloodlust is almost over.
You feel better. The gnoll hits you with a +0 club.
* * * LOW HITPOINT WARNING * * *
The gnoll misses you.
Your horns disappear.
Okay, then.
Okay, then.
The gnoll attacks as you move away! The gnoll misses you.
The gnoll attacks as you move away! The gnoll hits you with a +0 club.
* * * LOW HITPOINT WARNING * * *
You feel better. The gnoll hits you with a +0 club.
* * * LOW HITPOINT WARNING * * *
The gnoll hits you from afar with a +0 halberd.
You die...

#####.. ..... ... #)#
#)# #.# #g#
.#####g############
#.......@..........#
######..######.....##
#.## ####...### #.
#E#...#E# #.
####...#### #.
#.........# #.###.
###...._....# #......
............# #..##.#
######...####


You could see 2 gnolls.

Vanquished Creatures
  Jessica (D:2)
  Robin (D:3)
  2 gnolls (D:3)
  An adder (D:2)
  2 worms (D:2)
  3 dart slugs (D:2)
  6 ball pythons
  4 bats
  3 endoplasms
  3 giant cockroaches
  6 hobgoblins
  2 quokkas
  4 frilled lizards
  10 goblins
  5 kobolds
  7 rats
60 creatures vanquished.

Notes
Turn   | Place    | Note
-------+----------+-------------------------------------------
     0 | D:1      | om the Merfolk Transmuter began the quest for the Orb.
     0 | D:1      | Reached XP level 1. HP: 15/15 MP: 3/3
   392 | D:1      | Reached XP level 2. HP: 17/21 MP: 3/5
  1595 | D:1      | Reached XP level 3. HP: 26/26 MP: 4/6
  1684 | D:2      | Noticed Jessica
  1705 | D:2      | Killed Jessica
  1706 | D:2      | Reached skill level 4 in Unarmed Combat
  1990 | D:2      | Reached XP level 4. HP: 18/33 MP: 5/7
  2601 | D:2      | Learned a level 2 spell: Wereblood
  3068 | D:2      | Found a faded altar of an unknown god.
  3178 | D:3      | Noticed Robin
  3210 | D:3      | Killed Robin
  3555 | D:3      | Noticed an air elemental
  3560 | D:3      | Found a stormy altar of Qazlal.
  3564 | D:3      | Noticed an earth elemental
  3564 | D:3      | Noticed a fire elemental
  3564 | D:3      | Noticed a water elemental
  3587 | D:3      | Reached XP level 5. HP: 35/38 MP: 6/8
  3608 | D:3      | HP: 1/38 [gnoll/+0 club (3)]
  3609 | D:3      | Slain by a gnoll

Illustrated notes

Levels and vault maps discovered:
D:1:      dpeg_arrival_oval, layout_basic, nrook_mini_vaults
D:2:      layout_rooms, chequers_ecumenical_altar_simple_redux, uniq_jessica
D:3:      layout_loops_ring, lemuel_round_altar,
          nicolae_qazlal_style_of_elements, uniq_ijyb, uniq_robin, uniq_natasha

Skill      XL: |  1  2  3  4 |
---------------+-------------+-----
Dodging        | 3 |  3.6
Transmutations | 3 |  3.7
Unarmed Combat | 4 |  4.5
Fighting       | 2 |  2.3
Spellcasting   | |  2.6

Action                   |  1- 3 |  4- 6 || total
-------------------------+-------+-------++-------
Melee: Unarmed           |    80 |   116 ||   196
       Headbutt          |    10 |    12 ||    22
       Punch             |     5 |     2 ||     7
 Cast: Beastly Appendage |    17 |    16 ||    33
       Wereblood         |       |     2 ||     2
  Use: Potion            |     1 |     3 ||     4
       Scroll            |       |     5 ||     5
 Stab: Sleeping          |     1 |       ||     1
Armor: Robe              |    19 |    17 ||    36
       Skin              |     1 |       ||     1
Dodge: Dodged            |    46 |    89 ||   135

Table legend: (Time is in decaauts)
 A = Elapsed time spent in this place.
 B = Non-inter-level travel time spent in this place.
 C = Inter-level travel time spent in this place.
 D = Time resting spent in this place.
 E = Time spent auto-exploring this place.
 F = Levels seen in this place.
 G = Mean time per level.
                   A        B        C        D        E       F      G
               +--------+--------+--------+--------+--------+-----+--------+
         Total |   3595 |   3505 |     90 |   1657 |   1375 |   3 | 1198.3 |
       Dungeon |   3595 |   3505 |     90 |   1657 |   1375 |   3 | 1198.3 |
               +--------+--------+--------+--------+--------+-----+--------+

Top non-repeatable levels by time:
     D:1: 1980 daAuts
     D:2: 1186 daAuts
     D:3: 429 daAuts
